Match 31919753
Unlisted

Match 31919753
End
Construct Infanterie Kompanie
MG 42 Machine Gun Team
GrW 34 Mortar Team
Grenadier Squad
MG 42 Machine Gun Team
Construct Panzergrenadier Kompanie
Panzergrenadier Squad
Panzergrenadier Squad
Selects Mechanized Battlegroup
Selects Raid Package
Selects Raid Package
Pak 40 Anti-tank Gun Team
Selects StuG Assault Group
StuG Assault Group
Medical Station
Pioneer Squad
Construct Panzer Kompanie
Selects Mobile Repair Stations
Sturmpanzer IV Brummbär
Selects Wespe Self-propelled Artillery
Selects Zeroing Artillery Barrage
Zeroing Artillery Barrage
Wespe Self-propelled Artillery
AI Takeover
Mat[FR]
⚜️Markätta⚜️ß
Buffallobang
Catboy Supremacy
[EASY] CLUBs37
Skeletor
0
0

Comments sign in to comment!

No comments posted yet!